 Dungeon Crawl Stone Soup version 0.32-a0-918-g0f22ef8d61 (webtiles) character file.

Game seed: 280628975986625154

399 sthehill the Covered (level 6, -4/56 HPs)
             Began as a Minotaur Fighter on Apr 11, 2024.
             Slain by Duvessa
             ... wielding a +0 short sword
              (8 damage)
             ... on level 4 of the Dungeon.
             The game lasted 00:08:20 (2853 turns).

sthehill the Covered (Minotaur Fighter)             Turns: 2853, Time: 00:08:21

Health: -4/56      AC: 12    Str: 20    XL:     6   Next: 53%
Magic:  5/5        EV:  7    Int:  5    God:
Gold:   158        SH:  9    Dex: 12    Spells: 5/5 levels left

rFire   . . .        q - +2 whip (freeze)
rCold   . . .        k - +0 kite shield
rNeg    + . .        b - +0 scale mail
rPois   .            (helmet restricted)
rElec   .            t - +0 cloak
rCorr   .            (no gloves)
SInv    .            (no boots)
Will    .....        (no amulet) Stlth
                     g - +4 ring of protection
HPRegen 0.29/turn    m - ring of positive energy
MPRegen 0.09/turn

%: no passive effects
@: no status effects
A: horns 2, retaliatory headbutt
a: no special abilities


You were on level 4 of the Dungeon.
You visited 1 branch of the dungeon, and saw 4 of its levels.

You collected 158 gold pieces.

Inventory:

Hand Weapons
 a - a +0 flail
 q - a +2 whip of freezing (weapon)
 r - a +0 morningstar
Armour
 b - a +0 scale mail (worn)
 c - a +0 buckler
 k - a +0 kite shield (worn)
 t - a +0 cloak (worn)
Jewellery
 g - a +4 ring of protection (left hand)
 m - a ring of positive energy (right hand)
 u - the ring of Revat {rF+ rN+ rCorr}
   (You found it on level 3 of the Dungeon)

   [ring of positive energy]

   rF+:       It protects you from fire.
   rN+:       It protects you from negative energy.
   rCorr:     It protects you from acid and corrosion.
Scrolls
 e - a scroll of noise {unknown}
 j - a scroll of enchant armour {unknown}
 l - a scroll of poison {unknown}
 n - a scroll of identify {unknown}
 o - 2 scrolls of blinking {unknown}
 s - a scroll of fear {unknown}
Potions
 d - a potion of might
 f - a potion of brilliance {unknown}
 h - 2 potions of lignification {unknown}
 i - a potion of degeneration {unknown}
 p - a potion of curing {unknown}


   Skills:
 + Level 5.4 Fighting
 + Level 4.7 Maces & Flails
 + Level 5.4 Armour
 + Level 5.4 Shields


You had 5 spell levels left.
You didn't know any spells.
Your spell library contained the following spells:

 Spells                   Type           Power      Damage    Failure   Level
 Cigotuvi's Dreadful Rot  Necr/Alch/Air  0%         N/A       99%         2
 Ignite Poison            Fire/Alch      0%         N/A       100%        4
 Freezing Cloud           Conj/Ice/Air   0%         6-21      100%        5


Dungeon Overview and Level Annotations

Branches:
Dungeon (4/15)
 Temple: D:4-7

Altars:
Ashenzari
Dithmenos
Makhleb
Qazlal
Sif Muna

Shops:
D:1 !(

Annotations:
D:4 Duvessa


Innate Abilities, Weirdness & Mutations

You have a pair of horns on your head.
You reflexively headbutt those who attack you in melee.


Message History

The orc priest shouts, "Surrender to Beogh and we'll let you live!"
You whack the orc priest! You freeze the orc priest.
You kill the orc priest!
Duvessa, Sister of Dowan comes into view.
She is wielding a +0 short sword.
The orc hits you with a +0 flail.
You hit the orc. You freeze the orc.
The orc is heavily wounded.
Duvessa goes berserk!
The orc hits you but does no damage. The orc attacks as it pursues you!
The orc hits you but does no damage.
Duvessa rages. x2
You barely miss the orc.
The orc is heavily wounded.
The orc hits you with a +0 flail.
You hit the orc but do no damage. You headbutt the orc.
You kill the orc!
Duvessa rages.
You hit Duvessa. You freeze Duvessa.
Duvessa is lightly wounded.
Duvessa hits you but does no damage. Duvessa hits you with a +0 short sword.
You hit Duvessa but do no damage.
Duvessa is lightly wounded.
You block Duvessa's attack.
You closely miss Duvessa.
Duvessa is lightly wounded.
You block Duvessa's attack. x2
You barely miss Duvessa.
Duvessa is lightly wounded.
Duvessa hits you with a +0 short sword!
* * * LOW HITPOINT WARNING * * *
You hit Duvessa. You freeze Duvessa.
Duvessa is moderately wounded.
Duvessa hits you with a +0 short sword!
* * * LOW HITPOINT WARNING * * *
You block Duvessa's attack. Duvessa hits you with a +0 short sword.
* * * LOW HITPOINT WARNING * * *
You block Duvessa's attack. Duvessa attacks as she pursues you!
You block Duvessa's attack. Duvessa hits you with a +0 short sword!
You die...

##############
#...e@..(....#
#)##########.#
#.# #.# #.# #.#
#)# #.#
.......).......
#.#
###......######
#.# #.......
#.# #.#.#....
#.#


You could see Duvessa (berserk).

Vanquished Creatures
  Sigmund (D:3)
  Dowan (D:4)
  3 orc priests
  An orc wizard (D:3)
  4 adders
  2 dart slugs
  2 ribbon worms
  10 orcs
  5 endoplasms
  4 giant cockroaches
  8 hobgoblins
  3 kobolds
  3 quokkas
  5 ball pythons
  4 bats
  3 frilled lizards (D:1)
  3 goblins
  5 rats
67 creatures vanquished.

Notes
Turn   | Place    | Note
-------+----------+-------------------------------------------
     0 | D:1      | sthehill the Minotaur Fighter began the quest for the Orb.
     0 | D:1      | Reached XP level 1. HP: 19/19 MP: 0/0
   146 | D:1      | Reached XP level 2. HP: 25/27 MP: 1/1
   169 | D:1      | Found Zuckemus's Distillery.
   169 | D:1      | You fall into a shaft and drop 1 floor!
   412 | D:1      | Reached XP level 3. HP: 33/33 MP: 2/2
   451 | D:1      | Found Zegayk's Weapon Boutique.
  1231 | D:2      | Found a burning altar of Makhleb.
  1459 | D:3      | Found a stormy altar of Qazlal.
  1461 | D:3      | Noticed an earth elemental
  1462 | D:3      | Noticed a fire elemental
  1462 | D:3      | Noticed an air elemental
  1462 | D:3      | Noticed a water elemental
  1543 | D:3      | Found a shadowy altar of Dithmenos.
  1616 | D:3      | Found a broken altar of Ashenzari.
  1620 | D:3      | Saw a vision of the Swamp and the Snake Pit.
  1620 | D:3      | Noticed an anaconda
  1620 | D:3      | Noticed a naga mage
  1620 | D:3      | Noticed a spriggan rider
  1620 | D:3      | Noticed a thorn hunter
  1620 | D:3      | Noticed a black mamba
  1620 | D:3      | Noticed a bloated husk
  1620 | D:3      | Noticed a black mamba
  1620 | D:3      | Noticed a salamander
  1620 | D:3      | Noticed a swamp dragon
  1620 | D:3      | Noticed a bunyip
  1620 | D:3      | Noticed a black mamba
  1620 | D:3      | Noticed a seven-headed hydra
  1620 | D:3      | Noticed a goliath frog
  1620 | D:3      | Noticed a goliath frog
  1621 | D:3      | Noticed a tyrant leech
  1643 | D:3      | Noticed Sigmund
  1676 | D:3      | Killed Sigmund
  1677 | D:3      | Reached XP level 4. HP: 9/41 MP: 3/3
  1677 | D:3      | Reached XP level 5. HP: 10/47 MP: 4/4
  1686 | D:3      | Reached skill level 5 in Shields
  1918 | D:3      | Found a faded altar of an unknown god.
  1924 | D:3      | Reached skill level 5 in Fighting
  1927 | D:3      | Reached skill level 5 in Armour
  1933 | D:3      | Reached XP level 6. HP: 38/56 MP: 5/5
  2304 | D:3      | Found a shimmering blue altar of Sif Muna.
  2590 | D:3      | Identified the ring of Revat {rF+ rN+ rCorr}
  2818 | D:4      | Noticed Dowan
  2827 | D:4      | Killed Dowan
  2837 | D:4      | Noticed Duvessa
  2853 | D:4      | Slain by Duvessa

Illustrated notes

Levels and vault maps discovered:
D:1:      amcnicky_arrival_blooded_trapdoor, layout_loops_ring, serial_shops,
          shop, shop
D:2:      layout_loops_ring, basic_altar, hangedman_decor_push,
          minmay_stone_trees_small
D:3:      layout_loops_corners, grunt_ashenzari_visionary
          [grunt_ashenzari_visionary_swamp, grunt_ashenzari_visionary_snake],
          nicolae_qazlal_style_of_elements, grunt_dithmenos_smoke_and_mirrors,
          led_sif_pool, shapermc_ecumenical_altar_mp_urbaneastern, uniq_sigmund
D:4:      layout_basic, minmay_temple_entry_water_ring, uniq_duvessa

Skill      XL: |  1  2  3  4  5 |
---------------+----------------+-----
Shields        | 4 5 |  5.4
Fighting       | 4 5 |  5.4
Armour         | 4 5 |  5.4
Maces & Flails | 3 4 |  4.7

Action                     |  1- 3 |  4- 6 || total
---------------------------+-------+-------++-------
  Melee: Flail             |   113 |    17 ||   130
         Headbutt          |    13 |     9 ||    22
         Whip              |       |    61 ||    61
 Armour: Scale mail        |    84 |    52 ||   136
  Dodge: Dodged            |    50 |    13 ||    63
  Block: Buckler           |    17 |       ||    17
         Kite shield       |    14 |    34 ||    48

Table legend: (Time is in decaauts)
 A = Elapsed time spent in this place.
 B = Non-inter-level travel time spent in this place.
 C = Inter-level travel time spent in this place.
 D = Time resting spent in this place.
 E = Time spent auto-exploring this place.
 F = Levels seen in this place.
 G = Mean time per level.
                   A        B        C        D        E       F      G
               +--------+--------+--------+--------+--------+-----+--------+
         Total |   2889 |   2889 |      0 |    334 |   1648 |   4 |  722.2 |
       Dungeon |   2889 |   2889 |      0 |    334 |   1648 |   4 |  722.2 |
               +--------+--------+--------+--------+--------+-----+--------+

Top non-repeatable levels by time:
     D:3: 1247 daAuts
     D:2: 747 daAuts
     D:1: 724 daAuts
     D:4: 170 daAuts
